 Dungeon Crawl Stone Soup version 0.23.2-40-g277498a001 (webtiles) character file.

Game seed: 3827221656278182843

3294 MisterOstroum the Prestidigitator (level 9, -9/129 HPs)
             Began as a Deep Dwarf Artificer on Sept 13, 2019.
             Was a Believer of Makhleb.
             Mangled by a death yak (16 damage)
             ... on level 8 of the Dungeon on Sept 16, 2019.
             The game lasted 00:59:28 (8472 turns).

MisterOstroum the Prestidigitator (DDAr)            Turns: 8472, Time: 00:59:29

Health: -9/129     AC: 12    Str: 23    XL:     9   Next: 69%
Magic:  14/14      EV:  7    Int: 17    God:    Makhleb [**....]
Gold:   490        SH:  0    Dex: 13    Spells: 7/8 levels left

rFire    + . .     SeeInvis .   L - +1 hand axe (flame)
rCold    . . .     Gourm    .   (no shield)
rNeg     + . .     Faith    .   P - +0 plate armour
rPois    .         Spirit   .   (helmet restricted)
rElec    .         Reflect  .   C - +0 cloak
rCorr    .         Harm     .   (no gloves)
MR       +....                  (no boots)
Stlth    ..........             (no amulet)
HPRegen  0.00/turn              u - ring of positive energy
MPRegen  0.14/turn              J - +4 ring of intelligence

@: berserking, very slightly contaminated, non-regenerating, very quick
A: damage resistance, heal wounds, horns 1, fire resistance 1, sense
surroundings 2, no regeneration
a: Heal Wounds, Minor Destruction, Renounce Religion


You were on level 8 of the Dungeon.
You worshipped Makhleb.
Makhleb was pleased with you.
You were not hungry.

You visited 2 branches of the dungeon, and saw 9 of its levels.

You collected 490 gold pieces.

Inventory:

Hand Weapons
 a - a +0 blowgun
 b - a +1 spear
 q - a +0 halberd
 B - a +4 glaive of flaming
 L - a +1 hand axe of flaming (weapon)
 N - the +4 hunting sling of the Crypt {freeze, Stlth+, unknown}
   (You found it on level 7 of the Dungeon)

   It causes projectiles fired from it to freeze those they strike, causing
   extra injury to most foes and up to half again as much damage against
   particularly susceptible opponents.
   They can also slow down cold-blooded creatures.
   It makes you more stealthy.
Missiles
 j - 4 tomahawks (quivered)
 n - 79 stones
 x - 4 curare-tipped needles
 A - 30 poisoned needles
 F - 2 throwing nets {!f}
 M - a javelin
Armour
 C - a +0 cloak (worn)
 K - a +0 helmet
 P - a +0 plate armour (worn)
Jewellery
 u - a ring of positive energy (left hand)
 J - a +4 ring of intelligence (right hand)
Wands
 d - a wand of enslavement (12)
 v - a wand of iceblast (2)
Scrolls
 k - 4 scrolls of remove curse {@r2}
 l - 3 scrolls of enchant weapon
 m - 2 scrolls of enchant armour
 o - 4 scrolls of magic mapping {@r5 !r}
 p - 3 scrolls of teleportation {@r3 !r}
 y - a scroll of blinking {@r4}
 E - 2 scrolls of amnesia
 G - 2 scrolls of immolation
 I - a scroll of fear {!r}
Potions
 c - a potion of flight {unknown}
 g - a potion of brilliance
 h - a potion of heal wounds {@q2 !q}
 w - 2 potions of magic
Miscellaneous
 s - a lamp of fire
 O - a lightning rod (3/4)
Comestibles
 e - 18 rations


   Skills:
 + Level 7.3 Fighting
   Level 0.8 Short Blades
 - Level 4.3(5.4) Axes
 + Level 4.2(4.8) Polearms
 * Level 4.8 Throwing
 - Level 3.0 Armour
 - Level 2.1 Dodging
 - Level 1.2 Stealth
 * Level 3.3 Invocations
 + Level 9.0 Evocations


You had 7 spell levels left.
You knew the following spells:

 Your Spells              Type           Power        Failure   Level  Hunger
a - Sandblast             Erth           #.....       99%         1    ##.....

Your spell library contained the following spells:

 Spells                   Type           Power        Failure   Level  Hunger
 Animate Skeleton         Necr           N/A          99%         1    ##.....
 Apportation              Tloc           #.....       99%         1    ##.....
 Pain                     Necr           #...         99%         1    ##.....
 Summon Butterflies       Summ           #.......     99%         1    ##.....
 Passwall                 Tmut/Erth      #.......     100%        2    ###....
 Lesser Beckoning         Tloc           #.........   100%        3    ####...
 Stone Arrow              Conj/Erth      #.....       100%        3    ####...
 Tukima's Dance           Hex            #.......     100%        3    ####...
 Vampiric Draining        Necr           #.........   100%        3    ####...
 Animate Dead             Necr           N/A          100%        4    #####..
 Petrify                  Tmut/Erth      #.......     100%        4    #####..
 Alistair's Intoxication  Tmut/Pois      #.......     100%        5    ######.
 Lee's Rapid Deconstruct  Erth           #.........   100%        5    ######.
 Invisibility             Hex            #.......     100%        6    #######
 Regeneration             Chrm/Necr      Unusable     N/A         3    N/A

Dungeon Overview and Level Annotations

Branches:
Dungeon (8/15)             Temple (1/1) D:4            Lair (0/6) D:8

Altars:
Ashenzari
Dithmenos
Elyvilon
Fedhas
Gozag
Hepliaklqana
Kikubaaqudgha
Makhleb
Nemelex Xobeh
Qazlal
Ru
Trog
Uskayaw
Zin

Annotations:
D:5 1 runed translucent door, Crazy Yiuf
D:7 2 runed translucent doors


Innate Abilities, Weirdness & Mutations

You are resistant to damage.
You can heal yourself by infusing magical energy.
You passively map the area around you.
You do not regenerate.
You have a pair of small horns on your head.
Your flesh is heat resistant. (rF+)


Message History

You throw a javelin. The javelin hits the necrophage!
You destroy the necrophage!
Makhleb accepts your kill.
Things that are here:
a +0 shortbow; 9 arrows; 29 bolts
c - a metallic dark potion A gnoll comes into view.
It is wielding a +0 club.
Things that are here:
a javelin; a necrophage corpse Throwing (i - inventory. (/) - cycle)
j - 6 tomahawks (quivered)
Press: ? - help, Shift-Dir - straight line, f - gnoll
Aim: a gnoll, wielding a +0 club (hasn't noticed you)
You throw a tomahawk. The tomahawk barely misses the gnoll.
The gnoll shouts!
You feel a little less clever now.
You hear a shout!
You hear a bellow!
A centaur comes into view.
Throwing (i - inventory. (/) - cycle)
j - 5 tomahawks (quivered)
Press: ? - help, Shift-Dir - straight line, f/p - gnoll
Aim: a gnoll, wielding a +0 club You throw a tomahawk.
The death yak bellows!
The centaur shouts!
The tomahawk hits the gnoll.
The gnoll is lightly wounded.
You hear a bellow! x2; You hear an angry hiss.
The centaur wields a +0 shortbow.
The centaur shoots an arrow.
The arrow hits you but does no damage.
The centaur shoots an arrow.
The arrow hits you but does no damage.
You see here an arrow.
A death yak comes into view.
A death yak comes into view.
You barely miss the gnoll. Your headbutt misses the gnoll.
The gnoll is lightly wounded.
A death yak comes into view.
The gnoll hits you but does no damage.
The centaur shoots an arrow.
The arrow hits you but does no damage.
You see here an arrow.
The centaur unwields a +0 shortbow.
The centaur barely misses you. The gnoll hits you but does no damage.
A death yak comes into view.
The death yak bellows!
You hit the centaur but do no damage. Your headbutt misses the centaur.
You hit the gnoll. You burn the gnoll.
You hear a bellow!
The centaur barely misses you.
The centaur hits you but does no damage.
The gnoll hits you but does no damage.
You hit the centaur. You burn the centaur. You headbutt the centaur.
The centaur is heavily wounded.
You hit the gnoll but do no damage. The centaur hits you.
The gnoll hits you but does no damage.
Okay, then.
A red film seems to cover your vision as you go berserk!
You feel yourself moving faster!
You feel mighty! The centaur hits you. The death yak gores you!!
The centaur closely misses you.
You hit the centaur. You burn the centaur. Your headbutt misses the centaur.
The centaur is almost dead.
You slash the death yak! You burn the death yak. You hit the gnoll.
You burn the gnoll. The gnoll barely misses you. The centaur barely misses you.
The death yak bellows!
You slice the centaur!! You burn the centaur.
You kill the centaur!
Makhleb accepts your kill.
You slash the death yak! You burn the death yak. You slash the gnoll!
You burn the gnoll.
You kill the gnoll!
Makhleb accepts your kill.
You hear a bellow!
You hear a screech!
The death yak gores you!
An adder comes into view.
The adder hisses angrily.
Your plate armour prevents you from hitting the death yak.
You headbutt the death yak!
The death yak is moderately wounded.
The death yak closely misses you.
You slash the death yak! You burn the death yak.
You headbutt the death yak, but do no damage.
The death yak is heavily wounded.
Your plate armour prevents you from hitting the death yak.
The death yak gores you!!
You hit the death yak but do no damage.
The death yak is heavily wounded.
You hit the death yak. You burn the death yak. The death yak gores you!
* * * LOW HITPOINT WARNING * * *
You slash the death yak! You burn the death yak. You headbutt the death yak.
The death yak is severely wounded.
You hit the death yak. You burn the death yak. You hit the death yak.
You burn the death yak. The death yak gores you!
* * * LOW HITPOINT WARNING * * *
The death yak gores you!!
* * * LOW HITPOINT WARNING * * *
The death yak gores you.
* * * LOW HITPOINT WARNING * * *
You slash the death yak! You burn the death yak. You headbutt the death yak!
The death yak is almost dead.
You slash the death yak! You burn the death yak. You hit the death yak.
You burn the death yak.
An adder skeleton comes into view.
The death yak gores you!!
You die...

##.......,......# * *
..#.......##........#*
....................# *
*....#...............##.
....##...[†...........
.....(...[<(........# ,
,.........††.......... ,
, * ..............Y..##
* ,#.....(......)@.## ,
, , ####........#YY(.# ,
* *
#........#.Y#.....#** ,*
#....)..##.###...## , ,
* * #.....###..# ##.# ,
, ####...g(####Y#
*,..(...#, * ,
.......(..#


SY# ##......#** ##....(.....ZZ####...!.... #.....(......##..(........ You could
see 6 death yaks, an adder, an adder skeleton (wandering) and a centaur warrior
skeleton.

Vanquished Creatures
  Eustachio (D:5)
  5 orc warriors (D:7)
  A black bear (D:7)
  A phantom (D:7)
  A necrophage (D:8)
  2 ice beasts (D:6)
  2 ogres
  3 centaurs
  5 bullfrogs
  2 scorpions (D:7)
  6 killer bees
  A wight (D:7)
  4 howler monkeys
  2 crimson imps
  A bullfrog zombie (D:6)
  3 jellies
  A quasit (D:5)
  3 hounds
  A bullfrog skeleton (D:5)
  4 orc priests
  An orc wizard (D:8)
  2 iguanas
  5 worker ants
  7 gnolls
  9 adders
  4 shadow imps
  2 oozes
  An adder zombie (D:5)
  2 worms
  5 dart slugs
  4 leopard geckos
  22 orcs
  5 giant cockroaches
  9 goblins
  7 hobgoblins
  5 jackals
  10 kobolds
  2 quokkas
  3 ball pythons
  11 bats
  4 frilled lizards
  A leopard gecko zombie (D:5)
  8 rats
  A bush (D:3)
179 creatures vanquished.

Vanquished Creatures (collateral kills)
  A scorpion (D:6)
  A shadow imp (D:6)
2 creatures vanquished.

Vanquished Creatures (others)
  An orc wizard (D:5)
  2 orc priests (D:5)
  2 orcs (D:5)
  A plant (D:3)
6 creatures vanquished.

Grand Total: 187 creatures vanquished

Notes
Turn   | Place    | Note
-------+----------+-------------------------------------------
     0 | D:1      | MisterOstroum the Deep Dwarf Artificer began the quest for
                  | the Orb.
     0 | D:1      | Reached XP level 1. HP: 16/16 MP: 3/3
   177 | D:1      | Reached skill level 1 in Fighting
   524 | D:1      | Reached XP level 2. HP: 21/25 MP: 5/5
   999 | D:2      | Noticed a howler monkey
  1000 | D:2      | Killed a howler monkey
  1000 | D:2      | Reached skill level 5 in Evocations
  1000 | D:2      | Reached XP level 3. HP: 27/33 MP: 6/6
  1172 | D:2      | Reached XP level 4. HP: 22/40 MP: 7/7
  1527 | D:2      | Found a faded altar of an unknown god.
  2203 | D:3      | Reached XP level 5. HP: 46/50 MP: 7/9
  2584 | D:3      | Reached skill level 1 in Polearms
  3358 | D:3      | Reached XP level 6. HP: 41/57 MP: 10/10
  3710 | D:4      | Found a staircase to the Ecumenical Temple.
  3719 | Temple   | Entered the Ecumenical Temple
  3755 | Temple   | Became a worshipper of Makhleb the Destroyer
  4495 | D:5      | Entered Level 5 of the Dungeon
  4607 | D:5      | Reached skill level 1 in Invocations
  4670 | D:5      | Found a white marble altar of Elyvilon.
  4760 | D:5      | Noticed Eustachio
  4883 | D:5      | Reached XP level 7. HP: 64/66 MP: 10/10
  5342 | D:5      | Reached skill level 1 in Axes
  5609 | D:5      | Reached skill level 5 in Fighting
  5625 | D:5      | Reached * piety under Makhleb
  5711 | D:5      | Found a runed translucent door.
  5712 | D:5      | Noticed Crazy Yiuf
  5736 | D:5      | Killed Eustachio
  5736 | D:5      | Reached skill level 6 in Evocations
  6109 | D:6      | Reached XP level 8. HP: 67/75 MP: 11/11
  6135 | D:6      | Found a blossoming altar of Fedhas.
  6139 | D:6      | Reached skill level 7 in Evocations
  6786 | D:7      | Reached skill level 8 in Evocations
  6954 | D:7      | Reached skill level 1 in Throwing
  6954 | D:7      | Reached skill level 1 in Armour
  7144 | D:7      | Reached ** piety under Makhleb
  7144 | D:7      | Gained mutation: You passively map the area around you.
                  | [Deep Dwarf growth]
  7144 | D:7      | Reached XP level 9. HP: 59/85 MP: 14/14
  7340 | D:7      | Found a bloodstained altar of Trog.
  7340 | D:7      | Found a shadowy altar of Dithmenos.
  7345 | D:7      | Found an opulent altar of Gozag.
  7347 | D:7      | Found a stormy altar of Qazlal.
  7348 | D:7      | Found a blossoming altar of Fedhas.
  7467 | D:7      | Found a large runed translucent door.
  7467 | D:7      | Found a large runed translucent door.
  7480 | D:7      | Found a large runed translucent door.
  7480 | D:7      | Found a large runed translucent door.
  7499 | D:7      | Got an ichor-stained hunting sling
  7512 | D:7      | Learned a level 1 spell: Sandblast
  7712 | D:7      | Reached skill level 9 in Evocations
  8324 | D:8      | Noticed a death yak
  8325 | D:8      | Noticed a death yak
  8388 | D:7      | Gained mutation: Your flesh is heat resistant. (rF+)
                  | [potion of mutation]
  8388 | D:7      | Gained mutation: You have a pair of small horns on your
                  | head. [potion of mutation]
  8456 | D:8      | Noticed a death yak
  8458 | D:8      | Noticed a death yak
  8460 | D:8      | Noticed a death yak
  8462 | D:8      | Noticed a death yak
  8472 | D:8      | Mangled by a death yak

Skill      XL: |  1  2  3  4  5  6  7  8  9 |
---------------+----------------------------+-----
Fighting       | 1 2 3 4 5 6 7 |  7.3
Evocations     | 5 6 8 9 |  9.0
Polearms       | 2 3 4 |  4.2
Invocations    | 3 |  3.3
Axes           | 3 4 |  4.3
Throwing       | 2 4 |  4.8
Armour         | 2 3 |  3.0
Short Blades   | |  0.8
Dodging        | |  2.1
Stealth        | |  1.2

Action                   |  1- 3 |  4- 6 |  7- 9 || total
-------------------------+-------+-------+-------++-------
Melee: Short sword       |    14 |     7 |       ||    21
       Spear             |    30 |   351 |   161 ||   542
       Halberd           |       |    29 |       ||    29
       Hand axe          |       |       |   209 ||   209
       Glaive            |       |       |    24 ||    24
       Headbutt          |       |       |     5 ||     5
 Fire: Blowgun           |       |    26 |    27 ||    53
Throw: Stone             |     9 |    50 |    65 ||   124
       Tomahawk          |       |     5 |    10 ||    15
       Javelin           |       |       |    13 ||    13
Invok: Minor Destruction |       |       |     2 ||     2
 Abil: Heal Wounds       |       |     5 |     8 ||    13
Evoke: Wand              |     4 |    14 |    19 ||    37
       Lightning rod     |       |       |     2 ||     2
  Use: Scroll            |       |     6 |     5 ||    11
       Potion            |       |       |     8 ||     8
 Stab: Sleeping          |     1 |     2 |       ||     3
       Paralysed         |       |       |     2 ||     2
       Confused          |       |       |     1 ||     1
  Eat: Chunk             |     1 |    11 |    11 ||    23
       Ration            |       |       |     1 ||     1
Armor: Leather armour    |     4 |       |       ||     4
       Ring mail         |       |    93 |   138 ||   231
       Plate armour      |       |       |   135 ||   135
Dodge: Dodged            |    17 |   149 |   261 ||   427
